 Dungeon Crawl Stone Soup version 0.23.2-1-ga50397a (webtiles) character file.

Game seed: 18094373349867572198

72 suicidejoker the Skirmisher (level 4, -3/38 HPs)
             Began as a Demonspawn Monk on May 7, 2019.
             Slain by an orc warrior
             ... wielding a +0 short sword
              (16 damage)
             ... on level 4 of the Dungeon.
             The game lasted 00:03:43 (2035 turns).

suicidejoker the Skirmisher (Demonspawn Monk)       Turns: 2035, Time: 00:03:43

Health: -3/38      AC:  9    Str: 17    XL:     4   Next: 7%
Magic:  4/4        EV:  7    Int: 17    God:
Gold:   184        SH: 11    Dex: 15    Spells: 3/3 levels left

rFire    . . .     SeeInvis .   a - +0 falchion
rCold    . . .     Gourm    .   f - +0 large shield
rNeg     . . .     Faith    .   g - +2 ring mail {rPois}
rPois    +         Spirit   .   (helmet restricted)
rElec    .         Reflect  .   (no cloak)
rCorr    .         Harm     .   (no gloves)
MR       .....                  (no boots)
Stlth    +.........             (no amulet)
HPRegen  0.12/turn              e - +5 ring of intelligence
MPRegen  0.09/turn              m - ring of poison resistance

@: mighty
A: antennae 1, molten scales 1
a: no special abilities


You were on level 4 of the Dungeon.
You were near starving.

You visited 1 branch of the dungeon, and saw 4 of its levels.

You collected 184 gold pieces.

Inventory:

Hand Weapons
 a - a +0 falchion (weapon)
Missiles
 l - 134 stones (quivered)
 n - 13 arrows
 t - 16 bolts
 x - 4 curare-tipped needles
Armour
 b - a +0 robe
 f - a +0 large shield (worn)
 g - a +2 ring mail of poison resistance (worn)
Jewellery
 e - a +5 ring of intelligence (left hand)
 m - a ring of poison resistance (right hand)
Scrolls
 i - 3 scrolls of identify {unknown}
 j - 2 scrolls of teleportation {unknown}
 s - a scroll of remove curse {unknown}
 u - a scroll of magic mapping {unknown}
 v - a scroll of fog {unknown}
 w - a scroll of blinking {unknown}
Potions
 d - a potion of curing
 k - a potion of berserk rage {unknown}
 o - a potion of agility {unknown}
 p - 2 potions of brilliance {unknown}
 q - 2 potions of haste {unknown}
 r - a potion of invisibility {unknown}
Comestibles
 c - 3 rations


   Skills:
 * Level 4.4 Fighting
 - Level 2.6 Long Blades
 + Level 1.7 Armour
 - Level 2.6 Dodging
 - Level 1.7 Stealth


You had 3 spell levels left.
You didn't know any spells.
Your spell library was empty.

Dungeon Overview and Level Annotations

Branches:
Dungeon (4/15)
 Temple: D:4-7

Altars:


Innate Abilities, Weirdness & Mutations

You have a pair of small antennae on your head.
You are partially covered in molten scales. (AC +2)


Message History

You hit the orc warrior.
The orc warrior is moderately wounded.
The orc warrior barely misses you.
It was a potion of might.
You feel very mighty all of a sudden. You block the orc warrior's attack.
You slash the orc warrior!
The orc warrior is severely wounded.
The orc warrior closely misses you.
The orc warrior hits you with a +0 short sword.
You barely miss the orc warrior.
The orc warrior is severely wounded.
You block the orc warrior's attack.
You closely miss the orc warrior.
The orc warrior is severely wounded.
The orc warrior hits you but does no damage.
You closely miss the orc warrior.
The orc warrior is severely wounded.
The orc warrior hits you with a +0 short sword!
You die...

###
..#
#..
..#
#..
#..###
#.#.#
#.@.#
##o##
#5$
##.#
.# ##


You could see an orc warrior and a shadow imp.

Vanquished Creatures
  3 adders (D:2)
  An ooze (D:3)
  3 worms
  A dart slug (D:2)
  A giant cockroach (D:2)
  4 goblins
  2 hobgoblins (D:2)
  3 kobolds
  A quokka (D:2)
  7 bats
  2 frilled lizards (D:1)
  6 rats (D:2)
34 creatures vanquished.

Notes
Turn   | Place    | Note
-------+----------+-------------------------------------------
     0 | D:1      | suicidejoker the Demonspawn Monk began the quest for the
                  | Orb.
     0 | D:1      | Reached XP level 1. HP: 18/18 MP: 1/1
   273 | D:1      | You fall through a shaft!
   280 | D:2      | Gained mutation: You are partially covered in molten
                  | scales. (AC +2) [demonic ancestry]
   280 | D:2      | Reached XP level 2. HP: 16/24 MP: 2/2
   289 | D:2      | Reached skill level 1 in Armour
   498 | D:2      | Reached XP level 3. HP: 24/30 MP: 3/3
   577 | D:2      | Reached skill level 4 in Fighting
  1142 | D:2      | Found a faded altar of an unknown god.
  1585 | D:3      | Gained mutation: You have a pair of small antennae on your
                  | head. [demonic ancestry]
  1585 | D:3      | Reached XP level 4. HP: 37/38 MP: 4/4
  2020 | D:4      | Noticed an orc warrior
  2035 | D:4      | Slain by an orc warrior

Skill      XL: |  1  2  3 |
---------------+----------+-----
Armour         | 1 |  1.7
Fighting       | 4 |  4.4
Long Blades    | |  2.6
Dodging        | |  2.6
Stealth        | |  1.7

Action                   |  1- 3 |  4- 6 || total
-------------------------+-------+-------++-------
Melee: Falchion          |   149 |    18 ||   167
  Use: Potion            |       |     2 ||     2
 Stab: Sleeping          |     1 |       ||     1
  Eat: Chunk             |     1 |     1 ||     2
Armor: Robe              |    11 |       ||    11
       Ring mail         |    69 |     6 ||    75
Dodge: Dodged            |    59 |     5 ||    64
Block: Large shield      |    81 |     8 ||    89
       Rpst.: Falchion   |    15 |     1 ||    16
